 Dungeon Sprint DCSS version 0.21-a0-364-gbd1fde4 (webtiles) character file.

43639 Kidiri the Warrior (level 13, 0/154 HPs)
             Began as a Purple Draconian Berserker on Oct 13, 2017.
             Was the Champion of Trog.
             Hit by a large rock thrown by a stone giant (37 damage)
             ... in the Dungeon (Sprint IX: "|||||||||||||||||||||||||||||") on Oct 14, 2017.
             The game lasted 00:28:15 (4220 turns).

Kidiri the Warrior (Purple Draconian Berserker)     Turns: 4220, Time: 00:28:15

Health: 0/154      AC: 16    Str: 26    XL:     13   Next: 91%
Magic:  13/13      EV: 22    Int: 10    God:    Trog [******]
Gold:   994        SH: 19    Dex: 12    Spells: 12/12 levels left

rFire    . . .     SeeInvis .   a - +2 eveningstar (holy)
rCold    + . .     Gourm    .   D - +0 large shield
rNeg     . . .     Faith    .   (armour unavailable)
rPois    +         Spirit   .   C - +2 hat
rElec    .         Reflect  .   v - +2 cloak
rCorr    .         Harm     .   (no gloves)
MR       +++..     NoTele   +   J - +2 pair of boots {Stlth+}
Stlth    ++........             (no amulet)
HPRegen  1.35/turn              m - +2 ring of evasion
MPRegen  0.13/turn              n - +3 ring of strength

@: short of breath, flayed, regenerating
A: breathe power, unfitting armour, clever 1, cold resistance 1, poison
resistance, robust 1, cold-blooded, AC +8
a: Breathe Dispelling Energy, Berserk, Trog's Hand, Brothers in Arms, Burn
Spellbooks, Renounce Religion


You were in the Dungeon.
You worshipped Trog.
Trog was exalted by your worship.
You were not hungry.

You visited 1 branch You collected 1900 gold pieces.
You spent 906 gold pieces at shops.

Inventory:

Hand Weapons
 a - a +2 eveningstar of holy wrath (weapon)
Missiles
 i - 5 poisoned javelins
 r - 13 javelins of returning
 u - 7 steel javelins
 y - 4 javelins of penetration (quivered)
 E - 2 throwing nets
 T - 6 exploding tomahawks
Armour
 p - a +2 buckler
 v - a +2 cloak (worn)
 C - a +2 hat (worn)
 D - a +0 large shield (worn)
 J - a +2 pair of boots of stealth (worn)
Jewellery
 m - a +2 ring of evasion (left hand)
 n - a +3 ring of strength (right hand)
 z - a +4 ring of protection
Wands
 l - a wand of lightning (7/15)
Scrolls
 h - 5 scrolls of blinking
 k - 4 scrolls of remove curse
 q - a scroll of recharging
 I - 2 scrolls of enchant armour
Potions
 c - 7 potions of curing
 d - 5 potions of heal wounds
 e - a potion of haste
 f - 4 potions of magic
 g - 2 potions of berserk rage
 j - a potion of invisibility
 o - 2 potions of resistance
 w - 2 potions of ambrosia
 x - 3 potions of agility
 B - a potion of might
Comestibles
 b - 13 bread rations
 s - 18 fruits
 t - 12 meat rations


   Skills:
 * Level 20.5 Fighting
 * Level 19.1 Maces & Flails
 + Level 13.0 Throwing
 * Level 17.8 Dodging
 + Level 10.8 Shields


You had 12 spell levels left.
You didn't know any spells.

Dungeon Overview and Level Annotations

Branches:
Dungeon (1/1)

Altars:
Cheibriados
Dithmenos
Elyvilon
Fedhas
Gozag
Hepliaklqana
Kikubaaqudgha
Makhleb
Nemelex Xobeh
Okawaru
Qazlal
Ru
Sif Muna
Trog
Uskayaw
Vehumet
Wu Jian
Xom
Yredelemnul
Zin
The Shining One
Beogh
Jiyva
Lugonu

Shops:
D *}!:


Innate Abilities, Weirdness & Mutations

You can breathe bolts of dispelling energy.
Your rich purple scales are hard. (AC +8)
You cannot fit into any form of body armour.
You are cold-blooded and may be slowed by cold attacks.
Your mind is acute. (Int +2)
Your flesh is cold resistant. (rC+)
Your system is resistant to poisons. (rPois)
You are robust. (+10% HP)


Message History

The flayed ghost is lightly damaged.
The stone giant throws a large rock.
The large rock completely misses you.
Unknown command.
Unknown command.
Unknown command.
Unknown command.
Throwing (i - inventory. (,) - cycle):
y - 5 javelins of penetration (quivered)
Press: ? - help, Shift-Dir - straight line, f/p - stone giant
Aim: a stone giant (almost dead)
You throw a javelin of penetration.
The javelin of penetration pierces through the stone giant but does no damage.
The stone giant is almost dead.
The javelin of penetration pierces through the flayed ghost!
The flayed ghost is heavily damaged.
You hear a croak.
The flayed ghost cries, "Feel what I felt!"
Terrible wounds open up all over your body!
* * * LOW HITPOINT WARNING * * *
The stone giant throws a large rock.
The large rock hits you!!!
You die...

.▓.▓.▓)▓[▓.▓%▓.▓,*,*,*,*,*,*,*,*,
.▓.▓.▓.▓[▓.▓.▓.▓W▓,*,*,*,*,*,*,*,
.▓.▓.▓.▓.▓.▓.▓.▓C▓,*,*,*,*,*,*,*,
.▓.▓.▓.▓)▓.▓.▓.▓)▓,*,*,*,*,*,*,*,
'▓.▓.▓.▓)▓.▓.▓.▓(▓,*,*,*+*,*,*,*,
.▓.▓.▓.▓)▓.▓.▓.▓.▓,*,*,*,*,*,*,*,
.▓)▓.▓.▓)▓.▓.▓.▓)▓,*,*,*,*,*,*,*,
.▓.▓.▓.▓)▓.▓.▓.▓[▓,*,*,*,*,*,*,*,
.▓.▓.▓.▓)▓.▓.▓.▓@▓,*,*,*,*,*,*,*,
.▓.▓÷▓.▓)▓.▓)▓.▓(▓,*,*,*,*,*,*,*,
(▓.▓.▓.▓)▓.▓'▓.▓.▓,*,*,*,*,*,*,*,
[▓.▓÷▓.▓)▓.▓.▓.▓.▓,*,*,*,*,*,*,*,
)▓.▓'▓.▓.▓.▓.▓.▓.▓,*,*,*,*,*,*,*,
.▓.▓.▓.▓.▓.▓.▓.▓.▓,*+*,*,*,*,*,*,
.▓.▓.▓.▓.▓.▓.▓.▓.▓,*,*,*,*,*,*,*,
.▓.▓.▓.▓.▓.▓.▓.▓.▓,*,*,*,*,*+*,*,
.▓.▓.▓.▓'▓÷▓.▓.▓.▓,*,*,*,*,*,*,*,


You could see a stone giant and a flayed ghost.

Vanquished Creatures
  Agnes (D)
  Gastronok (D)
  A fire giant (D)
  2 stone giants (D)
  A vampire knight (D)
  Azrael (D)
  Josephine (D)
  A fire dragon (D)
  2 naga warriors (D)
  2 hydras (D)
  Harold (D)
  2 centaur warriors (D)
  A vampire mage (D)
  An alligator (D)
  3 two-headed ogres (D)
  5 ogre magi (D)
  An orc high priest (D)
  2 shock serpents (D)
  A salamander mystic (D)
  A wizard (D)
  2 sea snakes (D)
  2 swamp dragons (D)
  2 deep elf magi (D)
  A mana viper (D)
  An orb spider (D)
  An orc knight (D)
  An orc sorcerer (D)
  3 manticores (D)
  A wolf spider (D)
  An ugly thing (D)
  Psyche (D)
  Joseph (D)
  A naga mage (D)
  A black mamba (D)
  A torpor snail (D)
  4 spiny frogs (D)
  A rime drake (D)
  A freezing wraith (D)
  A merfolk (D)
  A wind drake (D)
  2 trolls (D)
  2 jumping spiders (D)
  A hornet (D)
  A bog body (D)
  A snapping turtle (D)
  3 slime creatures (D)
  A tarantella (D)
  3 redbacks (D)
  A yak (D)
  5 wraiths (D)
  Grum (D)
  A basilisk (D)
  A hungry ghost (D)
  2 fire elementals (D)
  A vampire mosquito (D)
  A warg (D)
  2 water moccasins (D)
  A naga (D)
  4 hell hounds (D)
  A porcupine (D)
  A swamp drake (D)
  9 orc warriors (D)
  2 sky beasts (D)
  6 ogres (D)
  9 wolves (D)
  A crocodile (D)
  4 bullfrogs (D)
  A scorpion (D)
  2 wights (D)
  A hound (D)
  2 orc priests (D)
  4 orc wizards (D)
  An adder (D)
  An adder skeleton (D)
  9 orcs (D)
  A ball python (D)
  A giant cockroach (D)
  A goblin (D)
  2 quokkas (D)
  A giant cockroach zombie (D)
  2 rats (D)
155 creatures vanquished.

Vanquished Creatures (collateral kills)
  A fire giant (D)
  A great orb of eyes (D)
  A two-headed ogre (D)
  A wizard (D)
  A necromancer (D)
  A yaktaur (D)
  A hippogriff (D)
  Eustachio (D)
  A crocodile (D)
  A giant cockroach zombie (D)
10 creatures vanquished.

Grand Total: 165 creatures vanquished

Notes
Turn   | Place    | Note
-------+----------+-------------------------------------------
     0 | D        | Kidiri the Draconian Berserker began the quest for the Orb.
     0 | D        | Reached XP level 1. HP: 19/19 MP: 1/1
    12 | D        | Reached ** piety under Trog
    62 | D        | Noticed a hound
    62 | D        | Noticed a sky beast
    67 | D        | Reached skill level 4 in Fighting
    67 | D        | Reached skill level 1 in Throwing
    67 | D        | Reached XP level 2. HP: 28/28 MP: 2/2
    69 | D        | Reached *** piety under Trog
    76 | D        | Killed a sky beast
    76 | D        | Reached skill level 6 in Fighting
    76 | D        | Reached skill level 5 in Maces & Flails
    76 | D        | Reached skill level 5 in Dodging
    76 | D        | Reached XP level 3. HP: 28/37 MP: 3/3
    76 | D        | Reached XP level 4. HP: 34/44 MP: 4/4
    79 | D        | Reached XP level 5. HP: 40/51 MP: 5/5
    83 | D        | Gained mutation: You are dopey. (Int -2) [mutagenic meat]
    84 | D        | Gained mutation: You have a pair of small horns on your head. [mutagenic meat]
    85 | D        | Gained mutation: You are resistant to hostile enchantments. (MR+) [mutagenic meat]
    86 | D        | Gained mutation: You have large cloven feet. [mutagenic meat]
    92 | D        | Found a roughly hewn altar of Beogh.
    92 | D        | Found a snail-covered altar of Cheibriados.
    92 | D        | Found a shadowy altar of Dithmenos.
    92 | D        | Found a white marble altar of Elyvilon.
    92 | D        | Found a blossoming altar of Fedhas.
    92 | D        | Found an opulent altar of Gozag.
    93 | D        | Found a hazy altar of Hepliaklqana.
    94 | D        | Found a viscous altar of Jiyva.
    95 | D        | Found an ancient bone altar of Kikubaaqudgha.
    96 | D        | Found a corrupted altar of Lugonu.
    97 | D        | Found a burning altar of Makhleb.
    98 | D        | Found a sparkling altar of Nemelex Xobeh.
    99 | D        | Found an iron altar of Okawaru.
   100 | D        | Found a stormy altar of Qazlal.
   101 | D        | Found a sacrificial altar of Ru.
   102 | D        | Found a deep blue altar of Sif Muna.
   103 | D        | Found a bloodstained altar of Trog.
   104 | D        | Found a hide-covered altar of Uskayaw.
   105 | D        | Found a radiant altar of Vehumet.
   106 | D        | Found an ornate altar of the Wu Jian Council.
   107 | D        | Found a shimmering altar of Xom.
   108 | D        | Found a basalt altar of Yredelemnul.
   109 | D        | Found a glowing silver altar of Zin.
   110 | D        | Found a glowing golden altar of the Shining One.
   208 | D        | Noticed a troll
   208 | D        | Noticed a troll
   208 | D        | Noticed a sky beast
   208 | D        | Noticed a two-headed ogre
   213 | D        | Killed a two-headed ogre
   213 | D        | Reached **** piety under Trog
   213 | D        | Reached skill level 10 in Fighting
   213 | D        | Reached skill level 5 in Throwing
   213 | D        | Reached XP level 6. HP: 67/67 MP: 6/6
   213 | D        | Your scales start taking on a rich purple colour.
   213 | D        | Reached XP level 7. HP: 73/73 MP: 7/7
   221 | D        | Killed a troll
   221 | D        | Reached skill level 11 in Fighting
   221 | D        | Reached skill level 10 in Maces & Flails
   221 | D        | Reached XP level 8. HP: 82/82 MP: 8/8
   226 | D        | Killed a troll
   226 | D        | Reached ***** piety under Trog
   240 | D        | Gained mutation: Your muscles are strong. (Str +2) [mutagenic meat]
   242 | D        | Gained mutation: Scrolls take you a little longer to read. [mutagenic meat]
   359 | D        | Noticed a deep elf mage
   359 | D        | Noticed a slime creature
   361 | D        | Received a gift from Trog
   368 | D        | Killed a slime creature
   371 | D        | Killed a deep elf mage
   371 | D        | Reached skill level 12 in Fighting
   371 | D        | Reached skill level 10 in Dodging
   374 | D        | Reached XP level 9. HP: 80/90 MP: 9/9
   459 | D        | Noticed Eustachio
   465 | D        | Killed Eustachio
   465 | D        | Received a gift from Trog
   530 | D        | Lost mutation: Scrolls take you a little longer to read. [potion of mutation]
   530 | D        | Lost mutation: You have a pair of small horns on your head. [potion of mutation]
   530 | D        | Lost mutation: You are dopey. (Int -2) [potion of mutation]
   530 | D        | Lost mutation: You have large cloven feet. [potion of mutation]
   530 | D        | Lost mutation: Your muscles are strong. (Str +2) [potion of mutation]
   530 | D        | Gained mutation: You are weak. (Str -2) [potion of mutation]
   530 | D        | Gained mutation: You are clumsy. (Dex -2) [potion of mutation]
   530 | D        | Lost mutation: You are clumsy. (Dex -2) [potion of mutation]
   531 | D        | Lost mutation: You are weak. (Str -2) [potion of mutation]
   531 | D        | Lost mutation: You are resistant to hostile enchantments. (MR+) [potion of mutation]
   531 | D        | Gained mutation: You are robust. (+10% HP) [potion of mutation]
   531 | D        | Gained mutation: Your flesh is cold resistant. (rC+) [potion of mutation]
   531 | D        | Gained mutation: You possess an exceptional clarity of mind. [potion of mutation]
   567 | D        | Noticed a spiny frog
   571 | D        | Noticed a spiny frog
   585 | D        | Noticed a rime drake
   593 | D        | Killed a spiny frog
   593 | D        | Reached skill level 13 in Fighting
   609 | D        | Killed a spiny frog
   616 | D        | Killed a rime drake
   616 | D        | Received a gift from Trog
   789 | D        | Noticed a torpor snail
   790 | D        | Noticed a six-headed hydra
   798 | D        | Killed a torpor snail
   798 | D        | Reached XP level 10. HP: 112/112 MP: 10/10
   805 | D        | Killed a six-headed hydra
   805 | D        | Reached skill level 14 in Fighting
   943 | D        | Received a gift from Trog
   953 | D        | Reached ****** piety under Trog
   953 | D        | Received a gift from Trog
  1344 | D        | Noticed Grum
  1354 | D        | Killed Grum
  1357 | D        | Reached skill level 1 in Shields
  1360 | D        | Received a gift from Trog
  1367 | D        | Received a gift from Trog
  1453 | D        | Noticed Josephine
  1468 | D        | Killed Josephine
  1468 | D        | Reached skill level 15 in Fighting
  1475 | D        | Reached XP level 11. HP: 123/123 MP: 11/11
  1547 | D        | Received a gift from Trog
  1560 | D        | Received a gift from Trog
  1567 | D        | Received a gift from Trog
  1575 | D        | Received a gift from Trog
  1738 | D        | Noticed an orc sorcerer
  1738 | D        | Noticed an orc knight
  1745 | D        | Killed an orc knight
  1749 | D        | Noticed an orc high priest
  1750 | D        | Received a gift from Trog
  1750 | D        | Killed an orc sorcerer
  1751 | D        | Received a gift from Trog
  1751 | D        | Killed an orc high priest
  1755 | D        | Received a gift from Trog
  1766 | D        | Received a gift from Trog
  1989 | D        | Found Reneazul's Book Boutique.
  1989 | D        | Noticed an ogre mage
  1989 | D        | Noticed a two-headed ogre
  1989 | D        | Noticed an ogre mage
  1993 | D        | Killed an ogre mage
  1993 | D        | Reached skill level 16 in Fighting
  1993 | D        | Reached skill level 10 in Throwing
  1994 | D        | Noticed an ogre mage
  1994 | D        | Killed a two-headed ogre
  1994 | D        | Received a gift from Trog
  1994 | D        | Reached skill level 15 in Maces & Flails
  1994 | D        | Reached skill level 5 in Shields
  1995 | D        | Killed an ogre mage
  1995 | D        | Received a gift from Trog
  2002 | D        | Killed an ogre mage
  2003 | D        | Found Qich's Distillery.
  2013 | D        | Found Xuic's Gadget Boutique.
  2015 | D        | Noticed an ogre mage
  2016 | D        | Found Beuptahaat's Assorted Antiques.
  2020 | D        | Noticed a two-headed ogre
  2030 | D        | Killed a two-headed ogre
  2034 | D        | Noticed a two-headed ogre
  2050 | D        | Killed a two-headed ogre
  2053 | D        | Killed an ogre mage
  2053 | D        | Received a gift from Trog
  2053 | D        | Reached skill level 17 in Fighting
  2075 | D        | Received a gift from Trog
  2247 | D        | Bought a potion of heal wounds for 60 gold pieces
  2247 | D        | Bought 2 potions of ambrosia for 192 gold pieces
  2247 | D        | Bought a potion of agility for 48 gold pieces
  2247 | D        | Bought a potion of curing for 36 gold pieces
  2247 | D        | Bought a potion of heal wounds for 60 gold pieces
  2247 | D        | Bought a potion of heal wounds for 60 gold pieces
  2247 | D        | Bought a potion of heal wounds for 60 gold pieces
  2251 | D        | Bought a jade ring for 130 gold pieces
  2251 | D        | Bought a potion of mutation for 208 gold pieces
  2251 | D        | Bought a scroll labeled UCKOOH NAPSAU for 26 gold pieces
  2281 | D        | Lost mutation: You possess an exceptional clarity of mind. [potion of mutation]
  2281 | D        | Gained mutation: Your system is resistant to poisons. (rPois) [potion of mutation]
  2281 | D        | Gained mutation: Your mind is acute. (Int +2) [potion of mutation]
  2285 | D        | Bought a scroll labeled MAYCZA ZAPLOZ for 26 gold pieces
  2314 | D        | Noticed Joseph
  2326 | D        | Killed Joseph
  2407 | D        | Noticed Psyche
  2419 | D        | Killed Psyche
  2419 | D        | Received a gift from Trog
  2419 | D        | Reached XP level 12. HP: 135/137 MP: 12/12
  2436 | D        | Noticed Gastronok
  2451 | D        | Killed Gastronok
  2451 | D        | Received a gift from Trog
  2639 | D        | Noticed an ogre mage
  2639 | D        | Noticed a centaur warrior
  2643 | D        | Received a gift from Trog
  2643 | D        | Reached skill level 15 in Dodging
  2648 | D        | Killed an ogre mage
  2652 | D        | Noticed a great orb of eyes
  2657 | D        | Received a gift from Trog
  2658 | D        | Noticed a fire giant
  2662 | D        | Killed a centaur warrior
  2664 | D        | Received a gift from Trog
  2669 | D        | Noticed a vampire knight
  2674 | D        | Killed a great orb of eyes
  2676 | D        | Killed a fire giant
  2676 | D        | Reached skill level 18 in Fighting
  2679 | D        | Received a gift from Trog
  2683 | D        | Received a gift from Trog
  2697 | D        | Killed a vampire knight
  2703 | D        | Got an iridescent hunting sling {god gift}
  2767 | D        | Identified the +9 hunting sling of the Pyrrhic Victory {velocity, rElec Str+2 Dex+4 SInv} (Trog gifted it to you in the Dungeon)
  2848 | D        | Noticed Agnes
  2867 | D        | Killed Agnes
  2867 | D        | Received a gift from Trog
  3009 | D        | Noticed Harold
  3024 | D        | Killed Harold
  3102 | D        | Received a gift from Trog
  3108 | D        | Reached XP level 13. HP: 112/149 MP: 13/13
  3580 | D        | Reached skill level 19 in Fighting
  3588 | D        | Received a gift from Trog
  3607 | D        | Upgraded the game from 0.21-a0-361-g4efd3f9 to 0.21-a0-364-gbd1fde4
  3677 | D        | Received a gift from Trog
  3765 | D        | Received a gift from Trog
  3785 | D        | Reached skill level 10 in Shields
  3788 | D        | Received a gift from Trog
  3793 | D        | Received a gift from Trog
  4079 | D        | Noticed Azrael
  4081 | D        | Received a gift from Trog
  4089 | D        | Killed Azrael
  4089 | D        | Reached skill level 20 in Fighting
  4203 | D        | Noticed a fire giant
  4203 | D        | Noticed a fire dragon
  4203 | D        | Noticed a stone giant
  4211 | D        | Noticed a stone giant
  4212 | D        | Killed a stone giant
  4212 | D        | Received a gift from Trog
  4212 | D        | Killed a fire dragon
  4214 | D        | Noticed a stone giant
  4215 | D        | Killed a fire giant
  4215 | D        | Received a gift from Trog
  4218 | D        | Killed a stone giant
  4220 | D        | Hit by a large rock thrown by a stone giant

Vault maps used:
D:        linesprint

Skill      XL: |  1  2  3  4  5  6  7  8  9 10 11 12 13 |
---------------+----------------------------------------+-----
Dodging        | 3 5 8 9 10 11 13 14 16 17 | 17.8
Fighting       | 4 6 10 11 12 13 15 17 18 20 | 20.5
Throwing       | 1 2 3 5 6 7 8 9 10 11 13 | 13.0
Maces & Flails | 5 6 9 10 11 12 14 15 17 19 | 19.1
Shields        | 2 6 8 10 | 10.8

Action                   |  1- 3 |  4- 6 |  7- 9 | 10-12 | 13-15 || total
-------------------------+-------+-------+-------+-------+-------++-------
Melee: Mace              |    21 |     3 |       |       |       ||    24
       Tailslap          |     3 |     2 |    10 |    47 |    16 ||    78
       Morningstar       |       |     4 |    26 |   210 |   105 ||   345
       Kick              |       |     2 |     7 |       |       ||     9
       Headbutt          |       |     1 |     8 |       |       ||     9
       Great mace        |       |       |    45 |    56 |       ||   101
Throw: Javelin           |       |       |       |    16 |    15 ||    31
Invok: Berserk           |     2 |     1 |     3 |     8 |     3 ||    17
       Trog's Hand       |       |       |     3 |     7 |     5 ||    15
       Brothers in Arms  |       |       |     2 |     3 |       ||     5
 Abil: Breathe Dispellin |       |       |     2 |     9 |     5 ||    16
  Use: Potion            |       |       |     2 |     4 |       ||     6
       Scroll            |       |       |       |     7 |       ||     7
 Stab: Sleeping          |     1 |       |       |       |       ||     1
  Eat: Chunk             |       |     4 |    11 |    14 |     2 ||    31
       Fruit             |       |       |       |    10 |    12 ||    22
Armor: Skin              |     3 |       |    18 |    44 |    17 ||    82
Dodge: Dodged            |     8 |     4 |    70 |   174 |    46 ||   302
Block: Buckler           |       |       |       |    51 |    14 ||    65
       Large shield      |       |       |       |       |     7 ||     7

Table legend:
 A = Spawn XP
 B = Non-spawn XP
 C = Spawn XP percentage of total XP
 D = Spawn monster count
 E = Non-spawn monster count
 F = Spawn count percentage of total count
 G = Total turns spent on level
                    A         B        C        D         E        F      G
               +---------+---------+-------+---------+---------+-------+---------
         Total |       0 |   62342 |   0.0 |       0 |     165 |   0.0 |  4220
               +---------+---------+-------+---------+---------+-------+---------
             D |       0 |   62342 |   0.0 |       0 |     165 |   0.0 |  4220
               +---------+---------+-------+---------+---------+-------+---------
